 Dungeon Crawl Stone Soup version 0.13-a0-1693-g8ac13c1 (webtiles) character file.

1193 BlackAndWhite the Insei (level 7, -1/55 HPs)
             Began as a Demigod Transmuter on June 20, 2013.
             Slain by an ice beast (10 damage)
             ... on Level 5 of the Dungeon.
             The game lasted 00:11:25 (6749 turns).

BlackAndWhite the Ruffian (Demigod Transmuter)      Turns: 6749, Time: 00:11:26

HP  -1/55        AC  2     Str 17      XL: 7   Next: 59%
MP   7/18        EV 23     Int 18      God:
Gold 239         SH  0     Dex 21      Spells:  3 memorised,  5 levels left

Res.Fire  : . . .   See Invis. : .     - Unarmed
Res.Cold  : . . .   Warding    : .   o - melded +2 robe {MR+}
Life Prot.: . . .   Conserve   : .   (shield currently unavailable)
Res.Poison: x       Res.Corr.  : .   (helmet currently unavailable)
Res.Elec. : .       Clarity    : .   (cloak currently unavailable)
Sust.Abil.: . .     Spirit.Shd : .   (gloves currently unavailable)
Res.Mut.  : .       Stasis     : .   (boots currently unavailable)
Res.Rott. : .       Flight     : .   (no amulet)
Saprovore : . . .                    (no ring)
                                     (no ring)

@: spider-form, very slightly contaminated, quick, slightly resistant to hostile
enchantments, fairly stealthy
A: no striking features
a: End Transformation


You were on level 5 of the Dungeon.
You were very hungry.
You were in spider-form.
You visited 1 branch of the dungeon, and saw 5 of its levels.
You also visited: Ossuary.

You collected 219 gold pieces.

Inventory:

Armour
 o - a +2 robe of magic resistance (melded)
 C - a +0 cloak
Comestibles
 a - 2 bread rations
 b - 2 chunks of worker ant flesh
 i - 5 meat rations
 u - a beef jerky
 w - a lemon
 B - an apple
Scrolls
 c - 2 scrolls of enchant weapon I {unknown}
 e - 8 scrolls of remove curse {unknown}
 g - a scroll of amnesia {unknown}
 h - 2 scrolls of fog {unknown}
 l - 4 scrolls of teleportation {unknown}
 m - 6 scrolls of identify {unknown}
 p - 2 scrolls of fear {unknown}
 r - a scroll of enchant weapon II {unknown}
 s - a scroll of curse weapon {unknown}
 v - a scroll of blinking {unknown}
 y - a scroll of curse armour {unknown}
Jewellery
 t - an uncursed ring of ice
 A - an uncursed ring of see invisible {unknown}
Potions
 f - a potion of might
 j - a potion of heal wounds
 k - 2 potions of curing
 n - a potion of brilliance {unknown}
 q - a potion of degeneration {unknown}
 z - a potion of berserk rage {unknown}
Books
 d - a book of Changes

   Spells                             Type                      Level
   *Beastly Appendage                 Transmutation                1
   Sticks to Snakes                   Transmutation                2
   *Spider Form                       Transmutation/Poison         3
   *Ice Form                          Ice/Transmutation            4
   Blade Hands                        Transmutation                5


   Skills:
 + Level 3.4 Fighting
 + Level 4.0 Dodging
 + Level 4.2 Unarmed Combat
 + Level 3.9 Spellcasting
 + Level 4.0 Transmutations


You had 5 spell levels left.
You knew the following spells:

 Your Spells              Type           Power        Failure   Level  Hunger
a - Beastly Appendage     Trmt           ###...       10%         1    None
b - Spider Form           Trmt/Pois      ##........   41%         3    ###....
c - Ice Form              Ice/Trmt       ##........   85%         4    ####...


Dungeon Overview and Level Annotations

Branches:
Dungeon (5/27)
 Temple: D:4-7


Message History

You hit the rat zombie.
You destroy the rat zombie!
You hit the ice beast.
The ice beast is moderately wounded.
The ice beast completely misses you.
You bite the ice beast!
The ice beast is severely wounded.
You hit the ice beast.
The ice beast is severely wounded.
The ice beast closely misses you.
You barely miss the ice beast.
The ice beast is severely wounded.
The ice beast hits you. The ice beast freezes you!
* * * LOW HITPOINT WARNING * * *
You hit the ice beast.
The ice beast is almost dead.
The ice beast hits you.
* * * LOW HITPOINT WARNING * * *
The ice beast freezes you!
You die...

.......# #.#...#
.......# #.###.#
....###### #.#.#.#
.........###.#...#
#............######
#................>#
#............#.##.#
#......#######.##.#
.......%.......Is.#
.......##########.#
...#...#...# #.#
.........#.# #.#
.......###.# #(#
.......###.# #.#
...........# #.#
.......######## #.#
..............# #.#


You could see an ice beast.

Vanquished Creatures
  A necrophage (D:4)
  An ogre (D:5)
  A giant frog zombie (D:5)
  The ghost of 4tharraofdagon the Firebug, a weakling DgFE (D:4)
  A crimson imp (D:5)
  A hound zombie (D:5)
  An ogre skeleton (D:5)
  2 scorpions (D:5)
  An iguana (D:4)
  A hound (D:5)
  An orc priest (D:2)
  3 orc wizards
  6 worker ants
  Ijyb (D:5)
  Jessica (D:3)
  Terence (D:3)
  5 adders
  3 worms
  2 gnoll skeletons (D:5)
  3 oozes
  13 orcs
  3 ball pythons (D:2)
  10 bats
  A giant cockroach (D:3)
  10 hobgoblins
  13 jackals
  A quokka (D:3)
  A giant gecko zombie (D:5)
  4 giant newts
  A giant newt skeleton (D:4)
  10 goblins
  A hobgoblin skeleton (D:4)
  10 kobolds
  A quokka skeleton (D:4)
  12 rats
  A rat zombie (D:5)
129 creatures vanquished.

Vanquished Creatures (others)
  An orc priest (D:4)
  An orc (D:4)
  A kobold (D:5)
  A rat (D:1)
4 creatures vanquished.

Grand Total: 133 creatures vanquished

Notes
Turn   | Place    | Note
--------------------------------------------------------------
     0 | D:1      | BlackAndWhite, the Demigod Transmuter, began the quest for the Orb.
     0 | D:1      | Reached XP level 1. HP: 16/16 MP: 3/3
   338 | D:1      | Reached skill level 1 in Fighting
   790 | D:1      | Reached XP level 2. HP: 7/23 MP: 2/4
  1604 | D:2      | Reached XP level 3. HP: 21/28 MP: 5/7
  1873 | D:2      | Reached skill level 3 in Unarmed Combat
  1950 | D:2      | Learned a level 3 spell: Spider Form
  2725 | D:2      | Reached XP level 4. HP: 2/35 MP: 5/10
  3466 | D:3      | Noticed Jessica
  3478 | D:3      | Killed Jessica
  3631 | D:3      | Noticed Terence
  3644 | D:3      | Killed Terence
  3644 | D:3      | Reached XP level 5. HP: 27/41 MP: 9/12
  3879 | D:3      | Learned a level 4 spell: Ice Form
  4024 | D:4      | Found a radiant altar of Vehumet.
  4166 | D:4      | Noticed a necrophage
  4184 | D:4      | Killed a necrophage
  4184 | D:4      | Reached XP level 6. HP: 33/48 MP: 15/15
  4244 | D:4      | Found a sand-covered staircase.
  4276 | Ossuary  | Entered an ossuary
  4276 | Ossuary  | Noticed bd0's ghost (experienced LOBe)
  4573 | D:4      | Found a basalt altar of Yredelemnul.
  4737 | D:4      | Noticed 4tharraofdagon's ghost (weakling DgFE)
  4749 | D:4      | Killed 4tharraofdagon's ghost
  5437 | D:5      | Entered Level 5 of the Dungeon
  5680 | D:5      | Reached skill level 4 in Unarmed Combat
  5680 | D:5      | Reached XP level 7. HP: 38/55 MP: 14/18
  5893 | D:5      | Noticed Ijyb
  5908 | D:5      | Killed Ijyb
  6749 | D:5      | Slain by an ice beast

Action                   |  1- 3 |  4- 6 |  7- 9 || total
-------------------------+-------+-------+-------++-------
Melee: Unarmed           |   180 |   227 |   129 ||   536
 Cast: Beastly Appendage |    24 |    23 |     8 ||    55
       Spider Form       |     1 |    13 |     3 ||    17
       Ice Form          |       |       |     1 ||     1
 Abil: End Transformatio |       |     6 |     1 ||     7
  Use: Potion            |     1 |     1 |       ||     2
